 Dungeon Crawl Stone Soup version 0.27.1-33-g824d729ab1 (webtiles) character file.

Game seed: 14714977721372400051

5248 Atelerd the Thaumaturge (level 10, -15/56 HPs)
             Began as an Octopode Earth Elementalist on Dec 30, 2021.
             Was an Elder of Sif Muna.
             Killed from afar by an efreet (20 damage)
             ... with a bolt of fire
             ... on level 9 of the Dungeon.
             The game lasted 00:25:52 (13811 turns).

Atelerd the Thaumaturge (OpEE)                     Turns: 13811, Time: 00:25:53

Health: -15/56     AC:  1    Str:  7 (8)  XL:     10   Next: 62%
Magic:  8/22       EV: 14    Int: 29 (32) God:    Sif Muna [****..]
Gold:   442        SH:  0    Dex: 11 (13) Spells: 12/26 levels left

rFire    . . .     SeeInvis .   B - +0 short sword (speed)
rCold    . . .     Faith    .   (no shield)
rNeg     . . .     Spirit   .   (helmet restricted)
rPois    .         Reflect  .   (no amulet)
rElec    .         Harm     .   i - +6 ring of intelligence
rCorr    .         Rampage  .   A - ring of wizardry
Will     .....                  z - +6 ring of intelligence
Stlth    ++++......             (no ring)
HPRegen  0.18/turn              (no ring)
MPRegen  0.18/turn              (no ring)
                                (no ring)
                                (no ring)

@: no status effects
A: almost no armour, amphibious, 8 rings, camouflage 1, gelatinous body 1,
(nimble swimmer 1), tentacles
a: Renounce Religion, Channel Magic, Forget Spell, Divine Exegesis


You were on level 9 of the Dungeon.
You worshipped Sif Muna.
Sif Muna was greatly pleased with you.
You visited 2 branches of the dungeon, and saw 10 of its levels.
You also visited: Sewer and Ossuary.

You collected 442 gold pieces.

Inventory:

Hand Weapons
 j - a +3 dagger
 B - a +0 short sword of speed (weapon)
Missiles
 b - 32 stones
 H - 3 throwing nets
Jewellery
 i - a +6 ring of intelligence (left tentacle)
 z - a +6 ring of intelligence (on tentacle)
 A - a ring of wizardry (right tentacle)
Wands
 x - a wand of flame (28)
 C - a wand of polymorph (12)
Scrolls
 a - 2 scrolls of fear
 c - 2 scrolls of summoning {unknown}
 d - 2 scrolls of fog
 e - 4 scrolls of teleportation
 l - 2 scrolls of vulnerability {unknown}
 q - a scroll of brand weapon
 s - a scroll of amnesia {unknown}
 u - a scroll of enchant armour {unknown}
 w - 2 scrolls of blinking
 y - 2 scrolls of noise
 D - a scroll of silence {unknown}
 F - a scroll of magic mapping
 G - a scroll of immolation {unknown}
Potions
 f - 2 potions of magic {unknown}
 g - 2 potions of haste
 h - a potion of flight {unknown}
 k - 2 potions of cancellation
 m - a potion of brilliance
 o - a potion of ambrosia
 p - 3 potions of resistance {unknown}
 r - 4 potions of mutation {unknown}
 t - 3 potions of curing
 v - 5 potions of might {unknown}
 E - a potion of attraction {unknown}
 I - a potion of degeneration


   Skills:
 - Level 3.0 Short Blades
 - Level 5.0 Dodging
 - Level 7.0 Stealth
 + Level 8.5 Spellcasting
 + Level 3.2 Conjurations
 - Level 3.0 Transmutations
 + Level 3.2 Ice Magic
 - Level 3.0 Air Magic
 + Level 6.1 Earth Magic
 - Level 6.0 Invocations


You had 12 spell levels left.
You knew the following spells:

 Your Spells              Type           Power      Damage    Failure   Level
a - Sandblast             Erth           96%        2d20      1%          1
b - Freezing Cloud        Conj/Ice/Air   15%        6-21      13%         5
c - Summon Ice Beast      Ice/Summ       21%        N/A       9%          4
p - Petrify               Tmut/Erth      38%        N/A       2%          4

Your spell library contained the following spells:

 Spells                   Type           Power      Damage    Failure   Level
 Apportation              Tloc           24%        N/A       1%          1
 Foxfire                  Conj/Fire      84%        2x1d8     1%          1
 Freeze                   Ice            100%       1d11      1%          1
 Corpse Rot               Necr/Air       N/A        N/A       1%          2
 Passwall                 Tmut/Erth      31%        N/A       1%          2
 Poisonous Vapours        Pois/Air       42%        N/A       1%          2
 Frozen Ramparts          Ice            62%        1d8       1%          3
 Stone Arrow              Conj/Erth      78%        3d11      1%          3
 Conjure Flame            Conj/Fire      21%        6-21      2%          3
 Hailstorm                Conj/Ice       31%        3d8       4%          4
 Ice Form                 Ice/Tmut       30%        N/A       4%          4
 Gell's Gravitas          Tloc           6%         N/A       5%          3
 Inner Flame              Hex/Fire       12%        N/A       5%          3
 Lesser Beckoning         Tloc           6%         N/A       5%          3
 Teleport Other           Tloc           12%        N/A       5%          3
 Alistair's Intoxication  Tmut/Pois      14%        N/A       26%         5
 Invisibility             Hex            6%         N/A       92%         6


Dungeon Overview and Level Annotations

Branches:
Dungeon (9/15)             Temple (1/1) D:4           Sewer (visited)
Ossuary (visited)
   Lair: D:8-11         Orc: D:9-12

Altars:
Ashenzari
Gozag
Makhleb
Nemelex Xobeh
Okawaru
Qazlal
Sif Muna
Trog
Uskayaw
Vehumet
Wu Jian
Xom
Yredelemnul
Zin
The Shining One
Beogh

Annotations:
D:1 exclusion: downstairs
D:2 Sigmund
D:5 3 runed translucent doors, exclusion: 2 downstairs, Gabide's ghost, novice HuMo
D:6 exclusion: downstairs
D:7 exclusion: downstairs


Innate Abilities, Weirdness & Mutations

You cannot wear most types of armour.
You are amphibious.
You can wear up to eight rings at the same time.
Your skin changes colour to match your surroundings (Stealth+).
Your rubbery body absorbs attacks. (AC +1, EV +1)
((You are camouflaged near water. (Stealth+)))
You have tentacles for arms and can constrict up to eight enemies at once.


Message History

You squeeze the efreet, but do no damage.
The efreet is lightly wounded.
Casting: Freezing Cloud (quite dangerous; 13% risk of failure)
Confirm with . or Enter, or press ? or * to list all spells.
Aiming: Petrify (dangerous; 2% risk of failure)
Press: ? - help, Shift-Dir - straight line, f - efreet
Aim: an efreet, wielding a +0 scimitar of flaming (lightly wounded, chance to affect: 66%)
The efreet struggles to resist.
The efreet barely misses you.
Casting: Petrify (dangerous; 2% risk of failure)
Confirm with . or Enter, or press ? or * to list all spells.
Aiming: Petrify (dangerous; 2% risk of failure)
Press: ? - help, Shift-Dir - straight line, f/p - efreet
Aim: an efreet, wielding a +0 scimitar of flaming (lightly wounded, chance to affect: 66%)
The efreet struggles to resist.
The efreet hits you with a +0 scimitar of flaming!
The efreet burns you.
Casting: Petrify (dangerous; 2% risk of failure)
Confirm with . or Enter, or press ? or * to list all spells.
Aiming: Petrify (dangerous; 2% risk of failure)
Press: ? - help, Shift-Dir - straight line, f/p - efreet
Aim: an efreet, wielding a +0 scimitar of flaming (lightly wounded, chance to affect: 66%)
The efreet struggles to resist.
The efreet hits you with a +0 scimitar of flaming!!
The efreet burns you!
* * * LOW HITPOINT WARNING * * *
You feel much better. The efreet barely misses you.
Casting: Petrify (dangerous; 2% risk of failure)
Confirm with . or Enter, or press ? or * to list all spells.
Aiming: Petrify (dangerous; 2% risk of failure)
Press: ? - help, Shift-Dir - straight line, f/p - efreet
Aim: an efreet, wielding a +0 scimitar of flaming (lightly wounded, chance to affect: 66%)
The efreet is moving more slowly.
The efreet hits you with a +0 scimitar of flaming!!
* * * LOW HITPOINT WARNING * * *
The efreet burns you!
* * * LOW HITPOINT WARNING * * *
You hear a shout!
The efreet gestures at you. The bolt of fire hits you!!
You die...

... ... .. ..
.# .#
#######.#
#...@.R☼#
######......$.
#.####.## #.#
... ... ..#.
#..#.


You could see an efreet (petrifying).

Vanquished Creatures
  Harold (D:7)
  Grinder (D:6)
  A yak (D:6)
  5 humans (D:8)
  2 steam dragons
  Menkaure (D:5)
  3 water moccasins
  2 black bears
  A necrophage (D:4)
  An ice beast (D:7)
  An ogre (D:6)
  A centaur (D:7)
  A phantom (D:7)
  5 kobold brigands
  Blork the orc (D:5)
  3 bullfrogs
  A gnoll sergeant (D:8)
  2 water moccasin zombies (Ossuary)
  5 wights (D:7)
  4 howler monkeys
  A bullfrog zombie (D:5)
  5 jellies
  Crazy Yiuf (D:7)
  3 orc priests
  A gnoll shaman (D:7)
  3 hounds
  2 iguanas
  2 bullfrog skeletons
  An orc wizard (D:6)
  A hound skeleton (D:4)
  3 mummies
  3 river rats (Sewer)
  8 adders
  15 gnolls
  A white imp (D:6)
  3 ufetubi
  8 adder zombies (Ossuary)
  An adder skeleton (D:4)
  9 worms
  A dart slug (D:4)
  17 orcs
  5 ball pythons
  4 bats
  6 endoplasms
  6 giant cockroaches
  6 goblins
  9 hobgoblins
  4 jackals (D:1)
  12 kobolds
  7 quokkas
  5 frilled lizards
  7 gnoll zombies (Ossuary)
  7 hobgoblin zombies (Ossuary)
  2 kobold zombies (Ossuary)
  4 orc zombies (Ossuary)
  6 rats
221 creatures vanquished.

Vanquished Creatures (others)
  2 plants (D:4)
2 creatures vanquished.

Grand Total: 223 creatures vanquished

Notes
Turn   | Place    | Note
-------+----------+-------------------------------------------
     0 | D:1      | Atelerd the Octopode Earth Elementalist began the quest for
                  | the Orb.
     0 | D:1      | Reached XP level 1. HP: 11/11 MP: 3/3
   330 | D:1      | Reached XP level 2. HP: 17/17 MP: 3/5
   946 | D:1      | Reached XP level 3. HP: 21/21 MP: 4/6
  1169 | D:1      | Found a faded altar of an unknown god.
  1577 | D:2      | Found an opulent altar of Gozag.
  1615 | D:2      | Reached XP level 4. HP: 27/27 MP: 8/8
  1854 | D:3      | Learned a level 4 spell: Petrify
  1939 | D:3      | Reached skill level 3 in Spellcasting
  2430 | D:3      | Reached XP level 5. HP: 31/31 MP: 9/9
  3475 | D:4      | Found a staircase to the Ecumenical Temple.
  3481 | D:4      | Reached XP level 6. HP: 30/36 MP: 9/11
  3492 | Temple   | Entered the Ecumenical Temple
  3715 | Temple   | Became a worshipper of Sif Muna the Loreminder
  4585 | D:4      | Noticed a necrophage
  4594 | D:4      | Killed a necrophage
  4595 | D:4      | Reached skill level 1 in Short Blades
  4595 | D:4      | Reached skill level 4 in Spellcasting
  4730 | D:4      | Reached skill level 5 in Earth Magic
  5027 | D:3      | Reached XP level 7. HP: 41/41 MP: 8/13
  5808 | D:2      | Noticed Sigmund
  6044 | D:5      | Entered Level 5 of the Dungeon
  6055 | D:5      | Learned a level 5 spell: Freezing Cloud
  6421 | D:5      | Found a runed translucent gate.
  6421 | D:5      | Found a runed translucent gate.
  6421 | D:5      | Found a runed translucent gate.
  6425 | D:5      | Noticed Gabide's ghost (novice HuMo)
  6471 | D:5      | Found a glowing drain.
  6473 | D:5      | Reached * piety under Sif Muna
  6481 | Sewer    | Entered a sewer
  7163 | Sewer    | Reached skill level 1 in Conjurations
  7163 | Sewer    | Reached skill level 1 in Ice Magic
  7163 | Sewer    | Reached skill level 1 in Air Magic
  7358 | Sewer    | Reached XP level 8. HP: 46/46 MP: 3/15
  7522 | D:5      | Identified the +8 mace of Cocytus {speed, rN+ Stlth+}
  7522 | D:5      | Identified the +1 leather armour "Ciusun" {Will+ rCorr
                  | Stlth+}
  7545 | D:5      | Reached skill level 5 in Stealth
  7597 | D:5      | Reached skill level 5 in Spellcasting
  7714 | D:5      | Reached skill level 1 in Invocations
  7880 | D:5      | Noticed Blork the orc
  7893 | D:5      | Killed Blork the orc
  8106 | D:5      | Noticed Menkaure
  8114 | D:5      | Killed Menkaure
  8303 | D:5      | Identified the +0 robe "Neguc" {rF+ rCorr Slay+2}
  8365 | D:5      | Reached ** piety under Sif Muna
  8892 | D:6      | Noticed Grinder
  8909 | D:6      | Killed Grinder
  8910 | D:6      | Reached XP level 9. HP: 51/51 MP: 9/17
  9839 | D:7      | Found an ornate altar of the Wu Jian Council.
 10597 | D:7      | Noticed Harold
 10764 | D:7      | Reached skill level 6 in Spellcasting
 11171 | D:7      | Identified the -5 pair of gloves of the Raven {rElec Regen+
                  | Str+7 Dex-5}
 11471 | D:7      | Reached *** piety under Sif Muna
 11597 | D:7      | Killed Harold
 11598 | D:7      | Reached skill level 5 in Dodging
 11598 | D:7      | Reached skill level 7 in Spellcasting
 11598 | D:7      | Reached skill level 5 in Invocations
 11598 | D:7      | Reached XP level 10. HP: 56/56 MP: 10/20
 11741 | D:7      | Found a runed translucent door.
 11742 | D:7      | Noticed Crazy Yiuf
 11755 | D:7      | Killed Crazy Yiuf
 12431 | D:8      | Reached skill level 8 in Spellcasting
 12459 | D:8      | Found a sand-covered staircase.
 12468 | Ossuary  | Entered an ossuary
 13055 | Ossuary  | Learned a level 4 spell: Summon Ice Beast
 13294 | D:8      | Reached **** piety under Sif Muna
 13811 | D:9      | Killed from afar by an efreet

Illustrated notes

Levels and vault maps discovered:
D:1:      wander_arrival_fairy_ring, layout_loops_ring,
          shapermc_ecumenical_altar_mp_highgroup
D:2:      layout_rooms, basic_altar, uniq_sigmund
D:3:      layout_loops_cross
D:4:      minmay_skewed_foursquare, layout_loops_corners,
          minmay_temple_entry_crystal_x, minmay_fountain_box,
          grunt_decor_fettered, hex_medium, saegor_snake_ambush
D:5:      layout_basic, biasface_ghost_orc_armoury, gup_sewer_entry_bubbles,
          uniq_blork_the_orc, uniq_menkaure
D:6:      layout_loops_ring, uniq_grinder
D:7:      layout_loops_ring, mainiacjoe_overflow_six_doors_small, uniq_harold,
          uniq_crazy_yiuf_cottage
D:8:      layout_basic, gup_ossuary_entry_pyramid, minmay_ruffians
D:9:      layout_loops_ring, mainiacjoe_overflow_alcove_4, david_orc_1_choice
Temple:   regret_index_temple_generic_petals

Skill      XL: |  1  2  3  4  5  6  7  8  9 10 |
---------------+-------------------------------+-----
Transmutations | 2 3 |  3.0
Spellcasting   | 3 4 5 7 8 |  8.5
Earth Magic    | 4 5 6 |  6.1
Short Blades   | 1 2 3 |  3.0
Stealth        | 3 4 6 7 |  7.0
Conjurations   | 1 3 |  3.2
Ice Magic      | 1 3 |  3.2
Air Magic      | 1 3 |  3.0
Invocations    | 2 5 6 |  6.0
Dodging        | 3 5 |  5.0

Action                   |  1- 3 |  4- 6 |  7- 9 | 10-12 || total
-------------------------+-------+-------+-------+-------++-------
Melee: Unarmed           |    26 |       |       |       ||    26
       Tentacles         |     7 |    13 |    39 |    28 ||    87
       Constrict         |    11 |    20 |    48 |    32 ||   111
       Dagger            |    12 |    96 |   104 |       ||   212
       Short sword       |       |       |   117 |   145 ||   262
 Cast: Sandblast         |    31 |    26 |    42 |    29 ||   128
       Petrify           |       |     2 |    40 |    19 ||    61
       Freezing Cloud    |       |       |     2 |     4 ||     6
Evoke: Wand              |       |       |       |    12 ||    12
  Use: Scroll            |       |       |     7 |     4 ||    11
       Potion            |       |       |       |    11 ||    11
 Stab: Sleeping          |     3 |    10 |    19 |     5 ||    37
       Petrified         |       |     8 |    66 |    21 ||    95
       Petrifying        |       |       |     7 |     1 ||     8
Armor: Skin              |     6 |     4 |     4 |     3 ||    17
Dodge: Dodged            |    40 |    51 |    83 |    71 ||   245
